 Dungeon Crawl Stone Soup version 0.27-a0-1277-g3808f8b1c9 (webtiles) character file.

Game seed: 13269419285700984491

154 Johnny the Magician (level 5, -1/31 HPs)
             Began as a Deep Elf Earth Elementalist on June 12, 2021.
             Slain by Sigmund (7 damage)
             ... on level 3 of the Dungeon.
             The game lasted 00:01:51 (3205 turns).

Johnny the Magician (Deep Elf Earth Elementalist)   Turns: 3205, Time: 00:01:52

Health: -1/31      AC:  3    Str:  5    XL:     5   Next: 13%
Magic:  11/13      EV: 13    Int: 21    God:
Gold:   92         SH:  0    Dex: 21    Spells: 8/12 levels left

rFire    . . .     SeeInvis .   b - +2 whip (venom)
rCold    . . .     Faith    .   (no shield)
rNeg     . . .     Spirit   .   c - +0 robe
rPois    .         Reflect  .   (no helmet)
rElec    .         Harm     .   o - +0 cloak
rCorr    .         Rampage  .   (no gloves)
Will     .....                  (no boots)
Stlth    ++........             (no amulet)
HPRegen  0.10/turn              l - +6 ring of dexterity
MPRegen  0.13/turn              (no ring)

@: no status effects
A: no striking features
a: no special abilities


You were on level 3 of the Dungeon.
You visited 1 branch of the dungeon, and saw 3 of its levels.

You collected 92 gold pieces.

Inventory:

Hand Weapons
 b - a +2 whip of venom (weapon)
Missiles
 n - 30 stones
Armour
 c - a +0 robe (worn)
 o - a +0 cloak (worn)
Jewellery
 l - a +6 ring of dexterity (left hand)
Scrolls
 d - a scroll of identify {unknown}
 f - a scroll of enchant armour {unknown}
 g - a scroll of noise {unknown}
 i - a scroll of blinking {unknown}
 k - a scroll of fear {unknown}
 m - a scroll of teleportation {unknown}
Potions
 a - a potion of brilliance {unknown}
 e - a potion of berserk rage {unknown}
 h - a potion of cancellation {unknown}
 j - a potion of curing {unknown}


   Skills:
 * Level 2.7 Fighting
 - Level 2.4 Dodging
 - Level 2.4 Stealth
 + Level 4.3 Spellcasting
 - Level 1.1 Transmutations
 + Level 4.2 Earth Magic


You had 8 spell levels left.
You knew the following spells:

 Your Spells              Type           Power      Damage    Failure   Level
a - Sandblast             Erth           44%        2d11      1%          1
b - Stone Arrow           Conj/Erth      26%        3d8       14%         3

Your spell library contained the following spells:

 Spells                   Type           Power      Damage    Failure   Level
 Passwall                 Tmut/Erth      12%        N/A       6%          2
 Petrify                  Tmut/Erth      15%        N/A       36%         4
 Lee's Rapid Deconstruct  Erth           11%        3d9*      50%         5


Dungeon Overview and Level Annotations

Branches:
Dungeon (3/15)

Altars:

Shops:
D:2 :

Annotations:
D:3 Sigmund


Message History

Moving in this stuff is going to be slow.
You see here a +0 falchion.
You now have 92 gold pieces (gained 11).
An adder comes into view.
Found a spear and 3 scrolls labelled NUNISM SIURIDD.
An adder is nearby!
An adder is nearby!
An adder is nearby!
Found a ruby potion.
Found a pair of gloves.
Sigmund the Dreaded comes into view.
He is wielding a +0 scythe.
Sigmund shouts!
The adder hisses angrily.
You barely miss the adder. The adder barely misses you. x2
Sigmund gestures wildly while chanting.
Sigmund flickers and vanishes!
Deactivating autopickup; reactivate with Ctrl-A.
You hit the adder.
The adder is poisoned.
The adder is lightly wounded.
The adder barely misses you. Something barely misses you.
You closely miss the adder.
The adder is lightly wounded.
The adder barely misses you. Something hits you!
The adder bites you but does no damage. The adder misses you.
The adder bites you.
You kill the adder!
Casting: Stone Arrow (quite dangerous; 14% risk of failure)
Confirm with . or Enter, or press ? or * to list all spells.
Aiming: Sandblast (safe; 1% risk of failure)
Press: ? - help, Shift-Dir - straight line The blast of sand hits something!
Something hits you!
* * * LOW HITPOINT WARNING * * *
Casting: Sandblast (safe; 1% risk of failure)
Confirm with . or Enter, or press ? or * to list all spells.
Aiming: Sandblast (safe; 1% risk of failure)
Press: ? - help, Shift-Dir - straight line The blast of sand hits something but does no damage.
Something hits you!
You die...

#.....# # #.# #####.# .
#.# #.# # #. #.# #.# #.
#. #.# #.#
...##.######.# #.#
#............# #.#
#..?......#########.#
#..).........@......#
....[....###############
####.!...# #.....#
#######


There were no monsters in sight!

Vanquished Creatures
  A necrophage (D:3)
  3 adders
  A worm (D:2)
  An orc (D:3)
  A bat (D:2)
  3 endoplasms
  6 goblins
  10 jackals
  6 kobolds
  2 quokkas
  A ball python (D:2)
  2 frilled lizards (D:1)
  4 rats
41 creatures vanquished.

Notes
Turn   | Place    | Note
-------+----------+-------------------------------------------
     0 | D:1      | Johnny the Deep Elf Earth Elementalist began the quest for
                  | the Orb.
     0 | D:1      | Reached XP level 1. HP: 10/10 MP: 6/6
   197 | D:1      | Reached XP level 2. HP: 14/16 MP: 4/8
   415 | D:1      | Reached skill level 1 in Fighting
   726 | D:1      | Found a faded altar of an unknown god.
  1139 | D:2      | Reached XP level 3. HP: 19/20 MP: 7/10
  1688 | D:2      | Found Bimuhi's Book Shoppe.
  2515 | D:3      | Learned a level 3 spell: Stone Arrow
  2906 | D:3      | Noticed a necrophage
  2909 | D:3      | Killed a necrophage
  2910 | D:3      | Reached XP level 4. HP: 27/27 MP: 4/12
  2910 | D:3      | Reached XP level 5. HP: 31/31 MP: 4/13
  3188 | D:3      | Noticed Sigmund
  3205 | D:3      | Slain by Sigmund

Illustrated notes

Levels and vault maps discovered:
D:1:      lemuel_arrival_hallway, layout_basic,
          dilly_ecumenical_altar_fadedgnrine
D:2:      layout_loops_corners, serial_shops, shop
D:3:      layout_loops_ring, tgw_sif, serial_rivers,
          chequers_serial_rivers_room_b, chequers_serial_rivers_small_a,
          chequers_serial_rivers_small_3, chequers_serial_rivers_large_b,
          chequers_serial_rivers_room_a, chequers_serial_rivers_small_3,
          uniq_sigmund

Skill      XL: |  1  2  3 |
---------------+----------+-----
Fighting       | 1 2 |  2.7
Spellcasting   | 4 |  4.3
Earth Magic    | 4 |  4.2
Dodging        | |  2.4
Stealth        | |  2.4
Transmutations | |  1.1

Action                   |  1- 3 |  4- 6 || total
-------------------------+-------+-------++-------
Melee: Unarmed           |    36 |       ||    36
       Whip              |    27 |     3 ||    30
 Cast: Sandblast         |    45 |     2 ||    47
       Stone Arrow       |     2 |     1 ||     3
Armor: Robe              |    16 |     1 ||    17
Dodge: Dodged            |    64 |     6 ||    70

Table legend: (Time is in decaauts)
 A = Elapsed time spent in this place.
 B = Non-inter-level travel time spent in this place.
 C = Inter-level travel time spent in this place.
 D = Time resting spent in this place.
 E = Time spent auto-exploring this place.
 F = Levels seen in this place.
 G = Mean time per level.
                   A        B        C        D        E       F      G
               +--------+--------+--------+--------+--------+-----+--------+
         Total |   3212 |   3121 |     91 |    451 |   2373 |   3 | 1070.7 |
       Dungeon |   3212 |   3121 |     91 |    451 |   2373 |   3 | 1070.7 |
               +--------+--------+--------+--------+--------+-----+--------+

Top non-repeatable levels by time:
     D:2: 1288 daAuts
     D:3: 984 daAuts
     D:1: 940 daAuts
